 Dungeon Sprint DCSS version 0.27.1-4-g1640c2035a (webtiles) character file.

Game seed: 5819177490594469316

14792 boopmooplesden the Peltast (level 11, -7/113 HPs)
             Began as a Minotaur Fighter on Nov 10, 2021.
             Was a High Priest of Okawaru.
             Mangled by Rupert (20 damage)
             ... while paralysed by Rupert
             ... in the Dungeon (Sprint VII: "The Pits").
             The game lasted 00:08:34 (1698 turns).

boopmooplesden the Peltast (Minotaur Fighter)       Turns: 1698, Time: 00:08:34

Health: -7/113     AC: 29    Str: 23    XL:     11   Next: 93%
Magic:  12/13      EV:  2    Int:  8    God:    Okawaru [*****.]
Gold:   0          SH:  0    Dex: 19    Spells: 10/10 levels left

rFire    x . .     SeeInvis .   f - +7 falchion of the Gnat {vorpal, Int+3}
rCold    . . .     Faith    .   c - +0 kite shield
rNeg     . . .     Spirit   .   x - +3 plate armour
rPois    .         Reflect  .   (helmet restricted)
rElec    .         Harm     .   z - +1 cloak "Josow" {rF- Regen+ Dex+8}
rCorr    .         Rampage  .   w - +0 pair of gloves
Will     .....     NoTele   +   v - +0 pair of boots
Stlth    ..........             (no amulet)
HPRegen  1.28/turn              (no ring)
MPRegen  0.13/turn              (no ring)

@: paralysed, heroic
A: horns 2, retaliatory headbutt
a: Renounce Religion, Heroism, Finesse


You were in the Dungeon.
You worshipped Okawaru.
Okawaru was extremely pleased with you.
You visited 1 branch

Inventory:

Hand Weapons
 a - a +0 long sword
 d - a +2 falchion
 f - the +7 falchion of the Gnat (weapon) {vorpal, Int+3}
   (Okawaru gifted it to you in the Dungeon)

   It inflicts extra damage upon your enemies.
   Int:       It affects your intelligence (+3).
 n - a +1 long sword of flaming
 y - a +2 scimitar of flaming
Armour
 b - a +0 scale mail
 c - a +0 kite shield (worn)
 m - a +3 chain mail
 v - a +0 pair of boots (worn)
 w - a +0 pair of gloves (worn)
 x - a +3 plate armour (worn)
 z - the +1 cloak "Josow" (worn) {rF- Regen+ Dex+8}
   (Okawaru gifted it to you in the Dungeon)

   Dex:       It affects your dexterity (+8).
   rF:        It makes you vulnerable to fire.
   Regen:     It increases your rate of health regeneration.
Jewellery
 q - a +3 ring of dexterity
 r - a +3 ring of evasion
Scrolls
 k - 5 scrolls of amnesia
 l - a scroll of summoning
Potions
 e - 2 potions of invisibility
 g - 3 potions of haste
 h - 4 potions of magic
 i - 2 potions of berserk rage
 o - 4 potions of curing
 p - a potion of ambrosia {unknown}
 s - a potion of resistance
 t - 2 potions of brilliance
 u - 2 potions of might


   Skills:
 + Level 15.6(20.6) Fighting
 + Level 17.3(22.3) Long Blades
 + Level 15.4(20.4) Armour
 + Level 5.6(10.6) Dodging
 + Level 0.6(5.6) Stealth
 + Level 19.5(24.5) Shields
 + Level 4.7 Invocations


You had 10 spell levels left.
You didn't know any spells.
Your spell library was empty.

Dungeon Overview and Level Annotations

Branches:
Dungeon (1/1)

Altars:
Ashenzari
Cheibriados
Dithmenos
Elyvilon
Fedhas
Gozag
Hepliaklqana
Kikubaaqudgha
Makhleb
Nemelex Xobeh
Okawaru
Qazlal
Ru
Sif Muna
Trog
Uskayaw
Vehumet
Wu Jian
Xom
Yredelemnul
Zin
The Shining One
Beogh
Jiyva
Lugonu

Annotations:
D Rupert


Innate Abilities, Weirdness & Mutations

You have a pair of horns on your head.
You reflexively headbutt those who attack you in melee.


Message History

The boulder beetle stops rolling and uncurls.
You hit Rupert.
Rupert is lightly wounded.
The alligator snapping turtle bites you but does no damage.
You hit the deep troll. You headbutt the deep troll!
The deep troll is moderately wounded.
The deep troll bites you. The deep troll claws you.
You block the deep troll's attack.
You slash the deep troll! You headbutt the deep troll!
The deep troll is heavily wounded.
Rupert roars wildly at you.
You suddenly lose the ability to move!
The alligator snapping turtle bites you but does no damage.
The deep troll bites you but does no damage.
The deep troll claws you but does no damage.
The deep troll claws you.
The deep troll shaman calls upon its god to strengthen the iron troll.
The iron troll seems to grow stronger.
Rupert screams, "Hurray!"
Rupert roars madly and goes into a rage!
Rupert goes berserk!
The alligator snapping turtle bites you from afar!!
Rupert hits you with a +4 battleaxe of freezing!
Rupert freezes you. The deep troll bites you!
The deep troll claws you but does no damage. x2
Rupert hits you with a +4 battleaxe of freezing!!
* * * LOW HITPOINT WARNING * * *
Rupert freezes you.
* * * LOW HITPOINT WARNING * * *
The ice devil hits you but does no damage.
The alligator snapping turtle bites you but does no damage.
The deep troll earth mage points at Rupert and mumbles some strange words.
The metal wall shatters!
The blast of metal fragments hits you!
* * * LOW HITPOINT WARNING * * *
The blast of metal fragments hits the alligator snapping turtle!
The blast of metal fragments hits Rupert!!!
The blast of metal fragments hits the black mamba!!!
The black mamba dies!
Rupert hits you with a +4 battleaxe of freezing!!
You die...

........+ .#......#
........# #''######
#''##### ###########
#......# #.........#
#......# #....†).#
##....## ####..)####
##''## ###..'.T@@.B#
##....###....##4##tT...#
#......#....##.T.##t...#
#......'†...+.....+ ...+
#......#)...##...## ..#
##....###...)##'## .#
##')## ###..')..+ .
#.)..# ####)..###
#......# #.......#


You could see 2 alligator snapping turtles, Rupert (berserk), a boulder beetle,
a deep troll, a deep troll earth mage (fast, strong), a deep troll shaman and an
ice devil.

Vanquished Creatures
  An emperor scorpion (D)
  A ghost moth (D)
  A catoblepas (D)
  A two-headed ogre (D)
  An anaconda (D)
  2 orc high priests (D)
  2 spriggan druids (D)
  A deep troll (D)
  2 orc knights (D)
  A deep elf pyromancer (D)
  2 orc sorcerers (D)
  A moth of wrath (D)
  A black mamba (D)
  2 cane toads (D)
  A demonic crawler (D)
  A kobold demonologist (D)
  A rime drake (D)
  A jumping spider (D)
  A blink frog (D)
  A snapping turtle (D)
  2 redbacks (D)
  A tarantella (D)
  2 ynoxinuls (D)
  2 yaks (D)
  2 wargs (D)
  A water moccasin (D)
  2 floating eyes (D)
  7 orc warriors (D)
  A wolf (D)
  Blork the orc (D)
  3 gnoll sergeants (D)
  2 scorpions (D)
  A killer bee (D)
  A quasit (D)
  An orc priest (D)
  An iron imp (D)
  Jessica (D)
  2 orc wizards (D)
  A mummy (D)
  13 gnolls (D)
  3 adders (D)
  A river rat (D)
  13 orcs (D)
  A jackal (D)
  A quokka (D)
  A frilled lizard (D)
  A quokka zombie (D)
  A rat (D)
94 creatures vanquished.

Vanquished Creatures (others)
  A black mamba (D)
  A goblin (D)
2 creatures vanquished.

Grand Total: 96 creatures vanquished

Notes
Turn   | Place    | Note
-------+----------+-------------------------------------------
     0 | D        | boopmooplesden the Minotaur Fighter began the quest for the
                  | Orb.
     0 | D        | Reached XP level 1. HP: 19/19 MP: 0/0
     8 | D        | Noticed a scorpion
    13 | D        | Killed a scorpion
    14 | D        | Reached skill level 5 in Armour
    14 | D        | Reached skill level 5 in Shields
    14 | D        | Reached XP level 2. HP: 29/30 MP: 1/1
    14 | D        | Reached XP level 3. HP: 36/37 MP: 2/2
    25 | D        | Reached skill level 6 in Shields
    26 | D        | Reached XP level 4. HP: 36/45 MP: 3/3
    47 | D        | Found a bloodstained altar of Trog.
    47 | D        | Found a shimmering blue altar of Sif Muna.
    47 | D        | Found a viscous altar of Jiyva.
    47 | D        | Found a hazy altar of Hepliaklqana.
    47 | D        | Found an opulent altar of Gozag.
    48 | D        | Found a glowing golden altar of the Shining One.
    48 | D        | Found a glowing silver altar of Zin.
    48 | D        | Found a basalt altar of Yredelemnul.
    48 | D        | Found a shimmering altar of Xom.
    48 | D        | Found an ornate altar of the Wu Jian Council.
    48 | D        | Found a sacrificial altar of Ru.
    48 | D        | Found a stormy altar of Qazlal.
    48 | D        | Found an iron altar of Okawaru.
    48 | D        | Found a sparkling altar of Nemelex Xobeh.
    48 | D        | Found a burning altar of Makhleb.
    48 | D        | Found a blossoming altar of Fedhas.
    48 | D        | Found a white marble altar of Elyvilon.
    48 | D        | Found a shadowy altar of Dithmenos.
    48 | D        | Found a snail-covered altar of Cheibriados.
    49 | D        | Found a radiant altar of Vehumet.
    49 | D        | Found a corrupted altar of Lugonu.
    50 | D        | Found an ancient bone altar of Kikubaaqudgha.
    50 | D        | Found a hide-covered altar of Uskayaw.
    50 | D        | Found a broken altar of Ashenzari.
    54 | D        | Became a worshipper of Warmaster Okawaru
   132 | D        | Noticed a floating eye
   139 | D        | Paralysed by a floating eye for 2 turns
   143 | D        | Killed a floating eye
   144 | D        | Reached skill level 5 in Long Blades
   144 | D        | Reached skill level 7 in Shields
   144 | D        | Reached XP level 5. HP: 47/53 MP: 4/4
   227 | D        | Reached * piety under Okawaru
   228 | D        | Reached skill level 8 in Shields
   229 | D        | Reached XP level 6. HP: 31/62 MP: 5/5
   241 | D        | Reached skill level 9 in Shields
   333 | D        | Noticed a deep elf pyromancer
   338 | D        | Killed a deep elf pyromancer
   338 | D        | Reached ** piety under Okawaru
   339 | D        | Reached skill level 10 in Fighting
   339 | D        | Reached skill level 10 in Long Blades
   339 | D        | Reached skill level 10 in Armour
   339 | D        | Reached skill level 1 in Dodging
   339 | D        | Reached skill level 10 in Shields
   339 | D        | Reached XP level 7. HP: 48/73 MP: 3/6
   346 | D        | Noticed Jessica
   346 | D        | Noticed Blork the orc
   350 | D        | Reached skill level 11 in Shields
   353 | D        | Killed Blork the orc
   354 | D        | Reached XP level 8. HP: 52/81 MP: 2/7
   365 | D        | Killed Jessica
   478 | D        | Noticed a kobold demonologist
   478 | D        | Noticed a spriggan druid
   482 | D        | Noticed a black mamba
   486 | D        | Killed a black mamba
   487 | D        | Noticed an anaconda
   488 | D        | Paralysed by a floating eye for 3 turns
   494 | D        | Noticed a cane toad
   500 | D        | Killed a spriggan druid
   500 | D        | Reached *** piety under Okawaru
   501 | D        | Reached skill level 12 in Shields
   501 | D        | Reached skill level 1 in Invocations
   506 | D        | Killed an anaconda
   506 | D        | Reached **** piety under Okawaru
   507 | D        | Reached skill level 13 in Shields
   507 | D        | Reached XP level 9. HP: 69/90 MP: 5/9
   507 | D        | Noticed a jumping spider
   511 | D        | Killed a kobold demonologist
   514 | D        | Killed a cane toad
   532 | D        | Killed a jumping spider
   541 | D        | Reached skill level 14 in Shields
   541 | D        | Noticed a catoblepas
   551 | D        | Killed a catoblepas
   551 | D        | Reached ***** piety under Okawaru
   552 | D        | Reached XP level 10. HP: 17/101 MP: 7/11
   894 | D        | Gained mutation: You are agile. (Dex +2) [potion of
                  | mutation]
   894 | D        | Lost mutation: You are agile. (Dex +2) [potion of mutation]
   952 | D        | Noticed an orc knight
   977 | D        | Reached skill level 15 in Long Blades
   993 | D        | Identified the +1 cloak "Josow" {rF- Regen+ Dex+8} (Okawaru
                  | gifted it to you in the Dungeon)
   993 | D        | Received a gift from Okawaru
  1007 | D        | Killed an orc knight
  1008 | D        | Reached skill level 15 in Shields
  1200 | D        | Noticed an orc high priest
  1200 | D        | Noticed an orc sorcerer
  1202 | D        | Noticed an orc high priest
  1206 | D        | Killed an orc high priest
  1207 | D        | Reached skill level 5 in Dodging
  1211 | D        | Noticed a sun demon
  1248 | D        | Noticed an orange demon
  1252 | D        | Killed an orc sorcerer
  1267 | D        | Killed an orc high priest
  1268 | D        | Reached skill level 16 in Shields
  1268 | D        | Reached XP level 11. HP: 37/110 MP: 11/13
  1356 | D        | Noticed a two-headed ogre
  1363 | D        | Killed a two-headed ogre
  1385 | D        | Noticed an orc knight
  1392 | D        | Reached skill level 17 in Shields
  1404 | D        | Noticed an emperor scorpion
  1409 | D        | Killed an orc knight
  1453 | D        | Killed an emperor scorpion
  1454 | D        | Reached skill level 18 in Shields
  1519 | D        | Noticed an orc sorcerer
  1519 | D        | Noticed a spriggan druid
  1529 | D        | Killed an orc sorcerer
  1530 | D        | Reached skill level 15 in Fighting
  1541 | D        | Killed a spriggan druid
  1541 | D        | Identified the +7 falchion of the Gnat {vorpal, Int+3}
                  | (Okawaru gifted it to you in the Dungeon)
  1541 | D        | Received a gift from Okawaru
  1542 | D        | Reached skill level 15 in Armour
  1546 | D        | HP: 3/112 [something (3)]
  1560 | D        | Killed a ghost moth
  1561 | D        | Reached skill level 19 in Shields
  1680 | D        | Noticed an alligator snapping turtle
  1680 | D        | Noticed a boulder beetle
  1680 | D        | Noticed an alligator snapping turtle
  1680 | D        | Noticed a deep troll shaman
  1680 | D        | Noticed a deep troll
  1680 | D        | Noticed a deep troll earth mage
  1680 | D        | Noticed a deep troll
  1680 | D        | Noticed an iron troll
  1682 | D        | Noticed Rupert
  1687 | D        | Killed a deep troll
  1687 | D        | Noticed a deep troll
  1695 | D        | Paralysed by Rupert for 5 turns
  1698 | D        | Mangled by Rupert

Illustrated notes

Levels and vault maps discovered:
D:        pitsprint [storerooms_1, entrance_room_1, metal_vault_2, armoury_2,
          mini_pit_1, grid_room_1, main_hall_1, silver_pit, the_coven_1,
          the_vestibule_1, steel_vault_3, golden_pit, hallway_of_sentries,
          crystal_vault_5, iron_vault_3, final_vault]

Skill      XL: |  1  2  3  4  5  6  7  8  9 10 11 |
---------------+----------------------------------+-----
Fighting       | 6 8 10 12 13 14 15 | 15.6
Long Blades    | 3 4 5 6 10 13 14 16 17 | 17.3
Armour         | 5 6 7 8 10 11 12 13 14 15 | 15.4
Shields        | 5 6 7 8 10 11 13 14 16 19 | 19.5
Dodging        | 1 3 4 5 |  5.6
Invocations    | 2 3 4 |  4.7
Stealth        | |  0.6

Action                   |  1- 3 |  4- 6 |  7- 9 | 10-12 || total
-------------------------+-------+-------+-------+-------++-------
Melee: Long sword        |     5 |    50 |    69 |     8 ||   132
       Falchion          |       |    10 |       |    15 ||    25
       Headbutt          |       |    14 |    18 |    76 ||   108
       Scimitar          |       |       |       |   214 ||   214
Invok: Heroism           |       |     1 |     4 |     9 ||    14
  Use: Potion            |     2 |     2 |       |     7 ||    11
       Scroll            |       |       |       |     1 ||     1
Armor: Scale mail        |     1 |     5 |       |       ||     6
       Chain mail        |       |    19 |    18 |     2 ||    39
       Plate armour      |       |       |       |    99 ||    99
Dodge: Dodged            |     6 |    12 |    17 |    85 ||   120
Block: Kite shield       |     4 |    36 |    37 |   225 ||   302
       Rpst.: Long sword |     5 |     3 |     7 |     1 ||    16
       Scimitar          |       |       |       |    11 ||    11
